 Dungeon Crawl Stone Soup version 0.26.1-10-gdfb7c7de75 (webtiles) character file.

Game seed: 8113415693881710527

13528 tardwrangler69 the Cleaver (level 11, -1/90 HPs)
             Began as a Minotaur Fighter on Apr 3, 2021.
             Was a High Priest of Okawaru.
             Killed by nerve-wracking pain
             ... invoked by a shadow imp
             ... summoned by an orange crystal statue
              (2 damage)
             ... on level 9 of the Dungeon.
             The game lasted 00:16:46 (12298 turns).

tardwrangler69 the Cleaver (Minotaur Fighter)      Turns: 12298, Time: 00:16:46

Health: -1/90      AC: 12    Str: 28 (30) XL:     11   Next: 76%
Magic:  1/22       EV:  9    Int: -2 (16) God:    Okawaru [*****.]
Gold:   919        SH:  0    Dex:  7 (10) Spells: 10/10 levels left

rFire    + . .     SeeInvis .   t - +2 war axe (vorpal)
rCold    + . .     Faith    .   c - +0 kite shield
rNeg     . . .     Spirit   .   q - +3 scale mail {rC+}
rPois    +         Reflect  .   I - -4 hat of Chimes {rF+ MP+9 Int+4}
rElec    .         Harm     .   B - scarf {+Inv}
rCorr    .         Rampage  .   (no gloves)
Will     .....                  (no boots)
Stlth    ..........             A - amulet of Kiacac {+Blink rPois Regen+ Int+7 Stlth-}
HPRegen  0.65/turn              y - +4 ring of protection
MPRegen  0.18/turn              H - +6 ring of strength

@: confused, mighty, brilliant, very slightly contaminated, hasted and slowed,
lost intelligence, invisible (expiring)
A: retaliatory headbutt, horns 2, frail 1, shaggy fur 1
a: Renounce Religion, Evoke Blink, Evoke Invisibility, Heroism, Finesse


You were on level 9 of the Dungeon.
You worshipped Okawaru.
Okawaru was extremely pleased with you.
You visited 1 branch of the dungeon, and saw 11 of its levels.

You collected 919 gold pieces.

Inventory:

Hand Weapons
 t - a +2 vorpal war axe (weapon)
Armour
 c - a +0 kite shield (worn)
 q - a +3 scale mail of cold resistance (worn)
 B - a scarf of invisibility (worn)
 I - the -4 hat of Chimes (worn) {rF+ MP+9 Int+4}
   (Okawaru gifted it to you on level 10 of the Dungeon)

   It affects your intelligence (+4).
   It protects you from fire.
   It affects your magic capacity (+9).
Jewellery
 y - a +4 ring of protection (left hand)
 A - the amulet of Kiacac (around neck) {+Blink rPois Regen+ Int+7 Stlth-}
   (You found it on level 6 of the Dungeon)

   [amulet of regeneration]

   It affects your intelligence (+7).
   It protects you from poison.
   It lets you blink.
   It increases your rate of regeneration.
   It makes you less stealthy.
 C - an uncursed ring of poison resistance
 D - an uncursed ring of positive energy
 H - a +6 ring of strength (right hand)
 J - an uncursed amulet of the acrobat {unknown}
 L - a cursed -4 ring of strength
Wands
 a - a wand of disintegration (35)
 r - a wand of flame (32)
 K - a wand of iceblast (7)
Scrolls
 b - 2 scrolls of enchant armour
 e - a scroll of amnesia
 f - 4 scrolls of magic mapping
 h - 4 scrolls of identify
 k - 5 scrolls of teleportation
 m - 4 scrolls of remove curse
 s - a scroll of enchant weapon
 w - a scroll of immolation
 z - a scroll of fog
 G - a scroll of fear
Potions
 d - 4 potions of might
 i - a potion of lignification
 j - 3 potions of attraction
 l - 2 potions of flight
 u - 2 potions of haste


   Skills:
 + Level 10.5 Fighting
 * Level 13.6 Axes
 + Level 10.5 Armour
 + Level 10.5 Shields
 + Level 4.7 Invocations


You had 10 spell levels left.
You didn't know any spells.
Your spell library contained the following spells:

 Spells                   Type           Power        Failure   Level
 Corona                   Hex            0%           94%         1
 Sandblast                Erth           0%           94%         1
 Summon Small Mammal      Summ           0%           94%         1
 Call Imp                 Summ           0%           98%         2
 Passwall                 Tmut/Erth      0%           98%         2
 Slow                     Hex            0%           98%         2
 Call Canine Familiar     Summ           0%           100%        3
 Inner Flame              Hex/Fire       0%           100%        3
 Portal Projectile        Hex/Tloc       0%           100%        3
 Stone Arrow              Conj/Erth      0%           100%        3
 Summon Guardian Golem    Hex/Summ       0%           100%        3
 Cause Fear               Hex            0%           100%        4
 Leda's Liquefaction      Hex/Erth       0%           100%        4
 Petrify                  Tmut/Erth      0%           100%        4
 Summon Ice Beast         Ice/Summ       0%           100%        4
 Summon Lightning Spire   Summ/Air       0%           100%        4
 Irradiate                Conj/Tmut      0%           100%        5
 Lee's Rapid Deconstruct  Erth           0%           100%        5
 Hydra Form               Tmut           0%           100%        6
 Statue Form              Tmut/Erth      0%           100%        6
 Dragon Form              Tmut           0%           100%        7


Dungeon Overview and Level Annotations

Branches:
Dungeon (11/15)            Temple (0/1) D:6            Lair (0/6) D:8
    Orc: D:9-12

Altars:
Ashenzari
Cheibriados
Dithmenos
Elyvilon
Fedhas
Gozag
Nemelex Xobeh
Okawaru
Qazlal
Ru
Trog
Uskayaw
Xom

Shops:
D:7 [

Annotations:
D:5 2 transporters
D:6 3 runed translucent doors, phalm's ghost, novice DrCK
D:9 5 runed translucent doors, exclusion: 2 orange crystal statues


Innate Abilities, Weirdness & Mutations

You reflexively headbutt those who attack you in melee.
You have a pair of horns on your head.
You are frail. (-10% HP)
You are covered in fur. (AC +1)


Message History

You closely miss the shadow imp. You hit the black bear.
The iguana hisses angrily.
The shadow imp closely misses you.
You slice the black bear!!
You kill the black bear!
The black bear's corpse dissolves into shadows!
You closely miss the shadow imp.
The iguana hisses angrily.
Something hits you but does no damage. The shadow imp hits you.
* * * LOW HITPOINT WARNING * * *
The iguana hisses angrily.
Something hits you.
* * * LOW HITPOINT WARNING * * *
The orange crystal statue glitters.
You are more confused.
The orange crystal statue glitters.
You are more confused.
The shadow imp gestures at you. Pain shoots through your body!
You die...

#####.>=##................#
# ##.#....(......######## #
#.#.#########.#
#.#.#8......#.##
#.#.#.#...#.#..#
#...#....[..#..#
##..+...[..{'..#
#..#.....l.#..#########
#..#.#..O#@#.)........#
#..#8....5.#..#######.# ###
#..#########..# #.# #..
#............## #.# #.#
#.############ #.# #.# #.#
#.# #.# #.# #.# #.# #.# #.#
#.# #.# #.# #.#


You could see 2 orange crystal statues, an iguana (summoned, wandering) and a
shadow imp (summoned).

Vanquished Creatures
  A centaur warrior (D:10)
  A two-headed ogre (D:10)
  Sonja (D:10)
  An orc knight (D:11)
  2 orange crystal statues (D:9)
  2 ugly things
  2 gargoyles (D:10)
  Maggie (D:7)
  A troll (shapeshifter) (D:11)
  Grinder (D:3)
  Prince Ribbit (D:6)
  Sigmund (D:6)
  2 wraiths (D:10)
  2 basilisks (D:8)
  3 yaks (D:8)
  3 wyverns (D:8)
  Menkaure (D:6)
  A soldier ant (D:11)
  3 water moccasins (D:8)
  5 orc warriors
  2 sky beasts
  A black bear (D:10)
  2 phantoms
  6 ogres
  6 centaurs
  Blork the orc (D:6)
  10 bullfrogs
  A wyvern zombie (D:11)
  4 scorpions
  A vampire bat (D:6)
  14 wights
  3 howler monkeys
  4 electric eels (D:6)
  2 quasits
  2 bullfrog zombies
  2 centaur zombies
  2 hounds
  A jelly (D:9)
  2 bullfrog skeletons
  A centaur skeleton (D:9)
  12 orc priests
  9 orc wizards
  Terence (D:3)
  5 iguanas
  3 worker ants (D:11)
  A killer bee zombie (D:10)
  2 hound zombies
  19 adders
  3 gnolls (D:2)
  3 shadow imps
  2 white imps
  3 ufetubi
  2 oozes
  3 adder skeletons
  2 worms
  2 leopard geckos (D:4)
  47 orcs
  9 ball pythons
  16 bats
  5 giant cockroaches
  8 goblins
  11 hobgoblins
  11 jackals
  7 quokkas
  5 kobolds
  3 rats
296 creatures vanquished.

Vanquished Creatures (others)
  An unseen horror (D:11)
  2 fungi (D:8)
  62 plants
65 creatures vanquished.

Grand Total: 361 creatures vanquished

Notes
Turn   | Place    | Note
-------+----------+-------------------------------------------
     0 | D:1      | tardwrangler69 the Minotaur Fighter began the quest for the
                  | Orb.
     0 | D:1      | Reached XP level 1. HP: 19/19 MP: 0/0
   172 | D:1      | Reached XP level 2. HP: 27/27 MP: 1/1
   300 | D:1      | Reached skill level 3 in Axes
   659 | D:1      | Reached XP level 3. HP: 32/33 MP: 2/2
  1186 | D:2      | Reached XP level 4. HP: 40/40 MP: 3/3
  1271 | D:2      | Found an iron altar of Okawaru.
  1271 | D:2      | Found a white marble altar of Elyvilon.
  1278 | D:2      | Found a snail-covered altar of Cheibriados.
  1280 | D:2      | Found a faded altar of an unknown god.
  1282 | D:2      | Found a shadowy altar of Dithmenos.
  1364 | D:2      | Reached skill level 4 in Axes
  1421 | D:2      | Became a worshipper of Warmaster Okawaru
  2103 | D:3      | Reached XP level 5. HP: 27/47 MP: 4/4
  2420 | D:3      | Found a bloodstained altar of Trog.
  2597 | D:3      | Noticed Grinder
  2615 | D:3      | Killed Grinder
  2616 | D:3      | Reached skill level 5 in Fighting
  2616 | D:3      | Reached skill level 5 in Axes
  2616 | D:3      | Reached skill level 5 in Armour
  2616 | D:3      | Reached skill level 5 in Shields
  2616 | D:3      | Reached XP level 6. HP: 6/56 MP: 5/5
  2904 | D:3      | Noticed Terence
  2910 | D:3      | Killed Terence
  3646 | D:3      | Reached skill level 6 in Axes
  3838 | D:4      | Reached XP level 7. HP: 47/61 MP: 6/6
  4099 | D:4      | Reached * piety under Okawaru
  4169 | D:4      | Found a shimmering altar of Xom.
  4345 | D:4      | Reached skill level 7 in Axes
  4669 | D:5      | Entered Level 5 of the Dungeon
  4751 | D:5      | Found a transporter.
  4818 | D:5      | Found a transporter.
  5044 | D:5      | Reached XP level 8. HP: 70/70 MP: 7/7
  5677 | D:6      | Noticed Blork the orc
  5689 | D:6      | Killed Blork the orc
  6010 | D:6      | Found a staircase to the Ecumenical Temple.
  6101 | D:6      | Reached skill level 8 in Axes
  6409 | D:6      | Reached ** piety under Okawaru
  6459 | D:6      | Found a sacrificial altar of Ru.
  6483 | D:6      | Noticed Menkaure
  6487 | D:6      | Killed Menkaure
  6527 | D:6      | Noticed Sigmund
  6540 | D:6      | Killed Sigmund
  6623 | D:6      | Reached skill level 9 in Axes
  6631 | D:6      | Noticed Prince Ribbit
  6641 | D:6      | Killed Prince Ribbit
  6642 | D:6      | Reached XP level 9. HP: 62/79 MP: 8/8
  6726 | D:6      | Got a coiled platinum amulet
  6837 | D:6      | Found a runed translucent gate.
  6837 | D:6      | Found a runed translucent gate.
  6837 | D:6      | Noticed phalm's ghost (novice DrCK)
  6838 | D:6      | Found a runed translucent gate.
  7613 | D:7      | Found a shimmering altar of Xom.
  7800 | D:7      | Identified the amulet of Kiacac {+Blink rPois Regen+ Int+7
                  | Stlth-} (You found it on level 6 of the Dungeon)
  7825 | D:7      | Reached *** piety under Okawaru
  7902 | D:7      | Found Koisk's Armour Emporium.
  7975 | D:7      | Noticed Maggie
  8000 | D:7      | Killed Maggie
  8001 | D:7      | Reached skill level 10 in Axes
  8367 | D:8      | Found a stormy altar of Qazlal.
  8367 | D:8      | Found a broken altar of Ashenzari.
  8573 | D:8      | Reached **** piety under Okawaru
  8581 | D:8      | Reached skill level 11 in Axes
  8581 | D:8      | Reached XP level 10. HP: 64/90 MP: 9/9
  8702 | D:8      | Found a staircase to the Lair.
  9044 | D:8      | Found a sparkling altar of Nemelex Xobeh.
  9044 | D:8      | Found an opulent altar of Gozag.
  9191 | D:8      | Reached skill level 1 in Invocations
  9270 | D:8      | Found a hide-covered altar of Uskayaw.
  9538 | D:9      | Found a huge runed translucent gate.
  9538 | D:9      | Found a huge runed translucent gate.
  9538 | D:9      | Found a huge runed translucent gate.
  9538 | D:9      | Found a huge runed translucent gate.
  9585 | D:9      | Found a blossoming altar of Fedhas.
  9718 | D:9      | Found a runed translucent door.
  9789 | D:9      | Found a runed translucent door.
  9792 | D:9      | Noticed an orange crystal statue
  9793 | D:9      | Found the +10 tower shield of Ignorance {rN+ Int-4}
 10166 | D:9      | Noticed an orange crystal statue
 10166 | D:9      | Noticed an orange crystal statue
 10166 | D:9      | Noticed an orange crystal statue
 10175 | D:9      | Killed an orange crystal statue
 10175 | D:9      | Reached ***** piety under Okawaru
 10176 | D:9      | Reached skill level 12 in Axes
 10342 | D:9      | Lost intelligence.
 10427 | D:10     | Entered Level 10 of the Dungeon
 10461 | D:10     | Noticed a gargoyle
 10468 | D:10     | Killed a gargoyle
 10522 | D:10     | Noticed a centaur warrior
 10536 | D:10     | Killed a centaur warrior
 10741 | D:10     | Noticed a two-headed ogre
 10747 | D:10     | Killed a two-headed ogre
 10748 | D:10     | Reached XP level 11. HP: 71/99 MP: 12/12
 11140 | D:11     | Noticed Sonja
 11140 | D:11     | Noticed a brown ugly thing
 11148 | D:10     | Killed a brown ugly thing
 11222 | D:10     | Killed Sonja
 11222 | D:10     | Received a gift from Okawaru
 11223 | D:10     | Reached skill level 10 in Fighting
 11223 | D:10     | Reached skill level 10 in Armour
 11225 | D:10     | Got a fading hat {god gift}
 11231 | D:10     | Identified the -4 hat of Chimes {rF+ MP+9 Int+4} (Okawaru
                  | gifted it to you on level 10 of the Dungeon)
 11437 | D:11     | Reached skill level 10 in Shields
 11537 | D:11     | Noticed an orc knight
 11556 | D:11     | Killed an unseen horror
 11557 | D:11     | Reached skill level 13 in Axes
 11735 | D:11     | Killed an orc knight
 12102 | D:11     | Noticed a brown ugly thing
 12115 | D:11     | Killed a brown ugly thing
 12248 | D:9      | Noticed a two-headed ogre
 12260 | D:9      | HP: 3/151 [two-headed ogre/+0 giant club[an orange crystal
                  | statue] (14)]
 12264 | D:9      | Lost intelligence.
 12268 | D:9      | Gained mutation: You are frail. (-10% HP) [potion of
                  | mutation]
 12268 | D:9      | Gained mutation: You are covered in fur. (AC +1) [potion of
                  | mutation]
 12269 | D:9      | HP: 5/135 [two-headed ogre/+0 giant club[an orange crystal
                  | statue] (4)]
 12281 | D:9      | Killed an orange crystal statue
 12292 | D:9      | HP: 4/90 [black bear[an orange crystal statue] (2)]
 12297 | D:9      | HP: 4/90 [shadow imp[an orange crystal statue] (3)]
 12298 | D:9      | HP: 1/90 [something (4)]
 12298 | D:9      | Killed from afar by a shadow imp

Illustrated notes

Levels and vault maps discovered:
D:1:      eino_arrival_water_cross, layout_basic
D:2:      layout_loops_ring, chequers_temple_overflow_minitemple
D:3:      layout_loops_corners, minivault_11, kennysheep_flooded_box,
          kennysheep_another_room, minmay_snake_closets, uniq_grinder,
          uniq_terence
D:4:      layout_cave_pools, old_standard_altar, minmay_goblin_kobold_house
D:5:      gammafunk_steamed_eel, layout_loops_ring, chequers_big_river,
          uniq_crazy_yiuf_cottage
D:6:      layout_basic, hangedman_ru_absence, minmay_temple_entry_from_below_a,
          serial_bayou, serial_bayou_shore_a, serial_bayou_lagoon_a,
          serial_bayou_lake_a, serial_bayou_pond_b, ebering_ghost_rock_garden,
          roderic_batcave, minmay_misc_feat_tiny, uniq_menkaure,
          uniq_blork_the_orc, uniq_prince_ribbit1, uniq_sigmund
D:7:      layout_loops_ring, serial_shops, shop, basic_altar, uniq_maggie
D:8:      layout_loops_corners, gammafunk_temple_overflow_statue,
          grunt_temple_overflow_opulence, lemuel_coloured_pillars_altar,
          minmay_lair_entry_grove
D:9:      lemuel_bear_cage, layout_loops_ring, lemuel_crystal_altar,
          chequers_guarded_unrand_ignorance
D:10:     layout_small_grid
D:11:     layout_roguey [special_room_orc], uniq_sonja

Skill      XL: |  1  2  3  4  5  6  7  8  9 10 11 |
---------------+----------------------------------+-----
Axes           | 3 4 5 6 7 9 11 12 13 | 13.6
Fighting       | 4 5 6 7 8 9 10 | 10.5
Shields        | 4 5 6 7 8 9 10 | 10.5
Armour         | 4 5 6 7 8 9 10 | 10.5
Invocations    | 3 4 |  4.7

Action                   |  1- 3 |  4- 6 |  7- 9 | 10-12 || total
-------------------------+-------+-------+-------+-------++-------
Melee: War axe           |    83 |   125 |   297 |   381 ||   886
       Headbutt          |     7 |    20 |    52 |    75 ||   154
Invok: Heroism           |       |       |       |     3 ||     3
  Use: Scroll            |       |     5 |     2 |    11 ||    18
       Potion            |       |       |       |    25 ||    25
 Stab: Invisible         |       |       |       |     1 ||     1
Armor: Scale mail        |    55 |    33 |   104 |   271 ||   463
       Skin              |       |       |       |   116 ||   116
Dodge: Dodged            |    37 |    25 |    72 |   189 ||   323
Block: Kite shield       |    52 |    68 |   145 |   248 ||   513
